 Dungeon Crawl Stone Soup version 0.24.0-13-gcf9b3192b9 (webtiles) character file.

Game seed: 11225213616220312639, levelgen mode: deterministic

87 Aviak the Sneak (level 4, -1/27 HPs)
             Began as an Octopode Enchanter on Nov 9, 2019.
             Slain by a centaur zombie (7 damage)
             ... on level 3 of the Dungeon.
             The game lasted 00:02:02 (1073 turns).

Aviak the Sneak (Octopode Enchanter)                Turns: 1073, Time: 00:02:03

Health: -1/27      AC:  1    Str:  7    XL:     4   Next: 51%
Magic:  4/7        EV: 14    Int: 17    God:
Gold:   97         SH:  0    Dex: 13    Spells: 2/8 levels left

rFire    . . .     SeeInvis .   a - +1 dagger
rCold    . . .     Gourm    .   (no shield)
rNeg     . . .     Faith    .   (helmet restricted)
rPois    .         Spirit   .   (no amulet)
rElec    .         Reflect  .   (no ring)
rCorr    .         Harm     .   (no ring)
MR       .....                  (no ring)
Stlth    ++++......             (no ring)
HPRegen  0.09/turn              (no ring)
MPRegen  0.10/turn              (no ring)
                                (no ring)
                                (no ring)

@: no status effects
A: almost no armour, stealthy swim, amphibious, 8 rings, constrict 8, camouflage
1, gelatinous body 1
a: no special abilities


You were on level 3 of the Dungeon.
You were not hungry.

You visited 1 branch of the dungeon, and saw 3 of its levels.

You collected 97 gold pieces.

Inventory:

Hand Weapons
 a - a +1 dagger (weapon)
Scrolls
 d - 3 scrolls of remove curse {unknown}
 e - a scroll of fear {unknown}
Potions
 b - a potion of degeneration {unknown}
 f - a potion of heal wounds {unknown}
Comestibles
 c - 4 rations
 g - 3 chunks of flesh


   Skills:
 + Level 2.1 Short Blades
 + Level 2.6 Dodging
 + Level 4.8 Stealth
 + Level 2.5 Spellcasting
 + Level 3.5 Hexes


You had 2 spell levels left.
You knew the following spells:

 Your Spells              Type           Power        Failure   Level  Hunger
a - Corona                Hex            ##.....      4%          1    #......
b - Ensorcelled Hibernat  Hex/Ice        #.....       14%         2    ##.....
c - Confuse               Hex            ##......     13%         3    ###....

Your spell library contained the following spells:

 Spells                   Type           Power        Failure   Level  Hunger
 Tukima's Dance           Hex            ##......     13%         3    ###....
 Dazzling Spray           Conj/Hex       #.....       26%         3    ###....


Dungeon Overview and Level Annotations

Branches:
Dungeon (3/15)

Altars:
Dithmenos
Hepliaklqana


Innate Abilities, Weirdness & Mutations

You cannot wear most types of armour.
You are very stealthy in the water. (Stealth+)
You are amphibious.
You can wear up to eight rings at the same time.
You can use your tentacles to constrict eight enemies at once.
Your skin changes colour to match your surroundings (Stealth+).
Your rubbery body absorbs attacks. (AC +1, EV +1)


Message History

You hit the centaur zombie.
The centaur zombie is severely damaged.
The centaur zombie hits you!
A centaur zombie is nearby!
You hit the centaur zombie.
The centaur zombie is severely damaged.
The centaur zombie hits you.
* * * LOW HITPOINT WARNING * * *
The centaur zombie hits you.
* * * LOW HITPOINT WARNING * * *
Casting: Confuse (safe; 13% risk of failure)
Confirm with . or Enter, or press ? or * to list all spells.
Aiming: Confuse (safe; 13% risk of failure)
Press: ? - help, Shift-Dir - straight line, f - centaur zombie
Aim: a centaur zombie (severely damaged, chance to defeat MR: 58%)
The centaur zombie appears confused.
You are too injured to fight recklessly!
You are too injured to fight recklessly!
The centaur zombie hits you!
You die...

##################
.......Z.........#####
#.@...#.##<.....#
#.....#...#.###.#
#.....#.#.#.#
+.......#.#..
#.....###...## #.....#
###.# #.....# .(
#.....# .#. #.....# .#


You could see a centaur zombie (confused).

Vanquished Creatures
  Terence (D:2)
  2 adders (D:2)
  A worm (D:2)
  2 dart slugs
  3 leopard geckos
  A bat (D:1)
  3 goblins
  3 hobgoblins (D:2)
  4 jackals (D:2)
  5 kobolds
  2 ball pythons
  2 frilled lizards
  3 rats
32 creatures vanquished.

Notes
Turn   | Place    | Note
-------+----------+-------------------------------------------
     0 | D:1      | Aviak the Octopode Enchanter began the quest for the Orb.
     0 | D:1      | Reached XP level 1. HP: 11/11 MP: 3/3
   137 | D:1      | Reached XP level 2. HP: 17/17 MP: 5/5
   242 | D:1      | You fall into a shaft and drop 1 floor!
   272 | D:2      | Reached XP level 3. HP: 21/21 MP: 6/6
   276 | D:2      | Learned a level 2 spell: Ensorcelled Hibernation
   280 | D:2      | Learned a level 3 spell: Confuse
   396 | D:2      | Found a shadowy altar of Dithmenos.
   750 | D:2      | Found a hazy altar of Hepliaklqana.
   832 | D:2      | Reached XP level 4. HP: 27/27 MP: 7/7
   928 | D:2      | Noticed Terence
   964 | D:2      | Killed Terence
  1073 | D:3      | Slain by a centaur zombie

Levels and vault maps discovered:
D:1:      saegor_arrival_simple_c, layout_basic, corexii_item_surrounded_by_moat
D:2:      layout_loops_ring, lemuel_crystal_altar,
          nicolae_overflow_hidden_temple, first_ration, bh_chokoban,
          uniq_terence
D:3:      layout_basic, moated_statue, uniq_jessica

Skill      XL: |  1  2  3  4 |
---------------+-------------+-----
Short Blades   | 2 |  2.1
Dodging        | |  2.6
Stealth        | |  4.8
Spellcasting   | |  2.5
Hexes          | |  3.5

Action                   |  1- 3 |  4- 6 || total
-------------------------+-------+-------++-------
Melee: Dagger            |    53 |    15 ||    68
       Constrict         |    11 |     3 ||    14
       Tentacles         |    10 |     1 ||    11
 Cast: Corona            |     1 |       ||     1
       Confuse           |     1 |     3 ||     4
       Ensorcelled Hiber |     1 |       ||     1
  Use: Potion            |     1 |       ||     1
 Stab: Sleeping          |    14 |     1 ||    15
       Confused          |       |     2 ||     2
  Eat: Chunk             |       |     1 ||     1
Armor: Skin              |     6 |       ||     6
Dodge: Dodged            |    34 |     8 ||    42
